Map: [ESL] Alcyone

Players

Cham - Winner!

  • Race: Zerg Zerg
  • Spawn Location: 1:00

Future

  • Race: Terran Terran
  • Spawn Location: 7:00

Event: ESL SC2 Masters 2023 Winter (Finals)

VOD

Have the link to the VOD?

Description

Time

  • Played on: Dec. 15, 2023, 2:53 p.m.
  • Length: 14:18

All games in this series

Show
View Real Time Build Order
Export as new Build Order

Cham Zerg - Winner!

Build Orders: Hatch First 

Get SALT Encoding   

  12  0:00  Drone  
  13  0:12  Overlord  
  13  0:16  Drone  
  14  0:30  Drone  
  14  0:31  Drone  
  16  0:49  Hatchery  
  15  0:52  Drone  
  15  0:54  Drone  
  17  1:09  Spawning Pool  
  17  1:11  Drone  
  17  1:14  Extractor  
  17  1:17  Drone  
  17  1:19  Drone  
  18  1:28  Drone  
  19  1:39  Drone  
  20  1:50  Drone  
  21  2:00  Queen  
  21  2:01  Queen  
  23  2:04  Overlord  
  25  2:09  Drone  
  25  2:14  Overlord  
  26  2:21  Drone  
  27  2:25  Metabolic Boost  
  27  2:33  Drone  
  27  2:34  Hatchery  
  27  2:35  Drone  
  28  2:43  Queen  
  30  2:47  Overlord  
  30  2:50  Drone  
  31  2:53  Drone  
  31  2:54  Drone  
  31  2:57  Drone  
  34  2:59  Drone  
  35  3:06  Drone x2  
  35  3:11  Drone x2  
  39  3:13  Queen  
  39  3:16  Drone  
  39  3:18  Overlord  
  42  3:24  Queen  
  44  3:28  Zergling x2, Drone  
  44  3:30  Zergling x2  
  47  3:38  Zergling x2  
  48  3:44  Zergling x2, Drone x2  
  48  3:46  Queen  
  48  3:47  Drone x3  
  56  3:51  Queen  
  58  3:58  Drone x3  
  58  4:01  Queen  
  63  4:08  Overlord x2  
  64  4:10  Drone  
  63  4:17  Drone  
  63  4:20  Zergling x4  
  66  4:25  Overlord x2  
  66  4:26  Queen  
  66  4:30  Zergling x4  
  66  4:31  Zergling x6  
  72  4:38  Zergling x2  
  72  4:39  Zergling x4  
  72  4:40  Lair  
  72  4:43  Baneling Nest  
  72  4:45  Zergling x6, Extractor  
  74  4:48  Zergling x2  
  75  4:54  Zergling x2  
  75  4:55  Zergling x2  
  75  4:58  Zergling x2  
  75  4:59  Zergling x2  
  70  5:03  Zergling x6  
  70  5:04  Drone  
  73  5:10  Drone x3  
  73  5:14  Hatchery  
  75  5:17  Overlord  
  75  5:18  Drone x4  
  79  5:23  Zergling x4, Evolution Chamber  
  80  5:30  Drone, Evolution Chamber  
  80  5:32  Overlord  
  80  5:35  Drone  
  80  5:36  Drone x3  
  80  5:41  Centrifugal Hooks  
  80  5:42  Baneling x5  
  84  5:44  Zergling x10  
  84  5:47  Overlord  
  89  5:54  Zergling x4  
  89  5:56  Overlord  
  86  5:57  Drone x2  
  86  6:02  Drone  
  89  6:06  Drone x2  
  89  6:07  Drone x2  
  89  6:10  Drone, Zerg Ground Armor Level 1  
  94  6:11  Zergling x2  
  94  6:15  Overlord  
  95  6:19  Zergling x2  
  95  6:21  Overlord  
  95  6:23  Zergling x4  
  95  6:24  Zergling x2  
  99  6:27  Zergling x4, Hatchery  
  99  6:32  Zerg Melee Weapons Level 1, Overlord  
  100  6:34  Drone  
  100  6:36  Drone  
  100  6:38  Drone  
  103  6:43  Overlord  
  103  6:46  Drone x2, Overlord  
  105  6:47  Zergling x6  
  105  6:48  Zergling x4  
  110  6:54  Overlord  
  110  6:55  Drone x3  
  110  6:57  Zergling x4  
  115  7:03  Extractor  
  115  7:04  Extractor  
  112  7:12  Zergling x20  
  112  7:14  Baneling x7  
  108  7:22  Zergling x8  
  106  7:23  Zergling x10  
  106  7:28  Zergling x2  
  100  7:32  Zergling x6  
  100  7:35  Zergling x6  
  100  7:36  Queen x3  
  106  7:37  Queen  
  106  7:38  Zergling x6  
  106  7:40  Zergling x4  
  106  7:41  Baneling x5  
  106  7:43  Zergling x2, Baneling x3  
  106  7:44  Zergling x6, Baneling  
  117  7:45  Zergling x2  
  117  7:50  Zergling x4  
  120  7:57  Zergling x6  
  106  7:59  Zergling x2  
  106  8:03  Zergling x8  
  108  8:08  Zergling x8  
  108  8:12  Zergling x4  
  108  8:15  Zergling x2, Baneling x3  
  108  8:16  Zergling x4  
  107  8:21  Zergling x8  
  107  8:24  Zergling x4  
  107  8:26  Zergling x2  
  106  8:27  Zergling x2, Queen x3  
  106  8:28  Baneling x5  
  106  8:31  Zergling x8  
  111  8:37  Zergling x2  
  101  8:42  Zergling x14  
  105  8:50  Zergling x12  
  105  8:54  Zergling x8  
  115  8:58  Baneling x10  
  115  8:59  Zergling x6  
  115  9:02  Zergling x4  
  120  9:03  Zergling x2  
  120  9:04  Baneling  
  121  9:11  Zergling x6  
  121  9:12  Baneling x3  
  121  9:14  Overlord  
  121  9:15  Zergling x4  
  126  9:18  Zergling x2  
  126  9:20  Baneling x3  
  126  9:21  Zergling x2  
  128  9:24  Zergling x4  
  128  9:25  Zergling x4  
  128  9:26  Zergling x4  
  128  9:27  Zergling x6  
  128  9:30  Baneling  
  128  9:31  Baneling x3  
  137  9:32  Baneling  
  137  9:33  Zergling x10  
  137  9:38  Zergling x6  
  136  9:43  Baneling x5  
  136  9:44  Zergling x4  
  136  9:45  Zergling x10  
  143  9:49  Zergling x2  
  143  9:50  Zergling x4  
  139  9:53  Drone x5  
  139  9:55  Drone x3  
  139  9:58  Baneling x7  
  141  10:00  Zergling x10  
  141  10:01  Baneling  
  141  10:06  Drone x3  
  145  10:12  Zergling x10  
  145  10:13  Baneling  
  145  10:14  Zergling x2, Baneling x4  
  150  10:16  Zergling x2  
  150  10:17  Drone  
  150  10:20  Drone  
  150  10:21  Drone x2  
  155  10:22  Drone  
  155  10:24  Zergling x4, Baneling x2  
  155  10:25  Zergling x6  
  155  10:27  Spore Crawler  
  155  10:28  Overlord, Spine Crawler  
  161  10:30  Zergling x2  
  161  10:31  Zergling x8  
  161  10:34  Drone  
  166  10:36  Hydralisk Den  
  164  10:43  Zergling x12  
  164  10:44  Baneling x3  
  169  10:55  Zergling x12  
  169  10:56  Zergling x6  
  143  11:03  Drone x3  
  143  11:04  Drone  
  129  11:07  Zergling x8  
  129  11:08  Zergling x8  
  129  11:12  Hydralisk x3, Grooved Spines  
  129  11:15  Baneling x5  
  129  11:16  Drone, Overlord, Hatchery  
  129  11:18  Drone  
  136  11:21  Zergling x4  
  136  11:22  Zergling x6  
  136  11:25  Zergling x8  
  143  11:27  Baneling x3  
  143  11:28  Baneling x2  
  143  11:31  Baneling x2  
  143  11:32  Zergling x14  
  150  11:36  Hydralisk  
  150  11:37  Zergling x4  
  153  11:40  Baneling  
  153  11:42  Drone x3  
  153  11:46  Zergling x2  
  153  11:47  Zergling x2  
  152  11:51  Zergling x2  
  152  11:52  Zergling x12  
  152  11:53  Baneling x5  
  159  11:56  Unknown  
  159  11:58  Extractor  
  159  11:59  Drone  
  159  12:00  Drone x3  
  159  12:01  Drone x2  
  163  12:02  Baneling x3, Muscular Augments  
  163  12:07  Zergling x12  
  169  12:14  Zergling x10  
  169  12:15  Zergling x4  
  176  12:25  Zergling x18  
  181  12:34  Hydralisk x4  
  181  12:35  Zergling x4, Hydralisk  
  181  12:36  Zergling x8  
  177  12:40  Zergling x2  
  177  12:41  Zergling x10  
  179  12:47  Drone  
  179  12:48  Drone  
  177  12:55  Drone x2  
  177  12:58  Spine Crawler  
  178  12:59  Infestation Pit  
  178  13:01  Zergling x2  
  178  13:02  Zergling x22  
  178  13:04  Baneling x5  
  178  13:05  Baneling x2  
  189  13:08  Zergling x6  
  192  13:13  Drone, Overlord  
  192  13:14  Drone  
  192  13:15  Drone, Overlord  
  192  13:16  Zergling x6  
  192  13:18  Baneling x4  
  192  13:19  Baneling x3  
  198  13:20  Baneling  
  198  13:23  Overlord  
  198  13:25  Hydralisk  
  200  13:27  Zergling x2  
  200  13:28  Baneling x3  
  200  13:29  Baneling x2  
  200  13:32  Hatchery  
  200  13:33  Overlord  
  199  13:36  Drone, Spine Crawler  
  199  13:37  Spine Crawler  
  197  13:50  Baneling  
  197  13:52  Zergling x6  
  199  13:57  Hatchery  
Show
View Real Time Build Order
Export as new Build Order

Future Terran 

Build Orders:  

Get SALT Encoding   

  12  0:00  SCV  
  13  0:12  SCV  
  14  0:17  Supply Depot  
  14  0:24  SCV  
  15  0:38  SCV  
  15  0:40  Barracks  
  16  0:51  SCV  
  16  0:52  Barracks  
  17  1:03  SCV  
  18  1:15  SCV  
  18  1:16  Refinery  
  19  1:27  Orbital Command, Marine  
  20  1:35  Supply Depot  
  20  1:39  Marine  
  21  1:45  Marine  
  22  1:53  SCV  
  23  2:01  Barracks Reactor  
  23  2:05  SCV  
  23  2:07  Command Center  
  24  2:10  Barracks Tech Lab  
  24  2:17  SCV  
  25  2:23  Barracks  
  25  2:29  SCV  
  26  2:32  Marine  
  26  2:34  Supply Depot  
  27  2:37  Marine x2  
  27  2:41  SCV  
  30  2:46  Stimpack  
  30  2:51  Marine  
  30  2:55  SCV, Marine  
  30  2:56  Marine  
  34  3:04  Barracks  
  34  3:10  Barracks Tech Lab  
  34  3:12  SCV  
  35  3:14  Marine x2  
  35  3:15  Marine  
  38  3:24  Orbital Command  
  38  3:32  Combat Shield  
  38  3:34  Marine x3  
  38  3:36  Marine  
  38  3:38  SCV  
  43  3:45  Supply Depot  
  43  3:53  Marine x5  
  43  3:55  SCV  
  49  3:56  SCV  
  50  4:06  Supply Depot  
  50  4:07  SCV  
  50  4:08  SCV  
  50  4:09  Supply Depot  
  52  4:12  Marine x3  
  52  4:13  Marine  
  52  4:15  Marine  
  57  4:19  SCV  
  57  4:20  SCV  
  57  4:24  Factory  
  59  4:28  Refinery  
  59  4:30  Supply Depot  
  59  4:31  SCV  
  59  4:33  SCV  
  59  4:34  Barracks Reactor  
  61  4:40  Refinery x2  
  61  4:44  SCV  
  61  4:45  SCV  
  63  4:46  Marine x3  
  63  4:48  Marine  
  67  4:56  SCV  
  58  5:04  Marine  
  58  5:05  SCV  
  59  5:08  SCV  
  59  5:09  Engineering Bay  
  60  5:15  Starport  
  60  5:16  Marine x2  
  60  5:17  Marine x2  
  60  5:19  SCV  
  60  5:20  SCV  
  66  5:24  Siege Tank  
  66  5:26  Barracks Reactor  
  66  5:27  Supply Depot  
  69  5:31  SCV  
  69  5:32  SCV  
  69  5:33  Marine  
  69  5:34  Marine  
  73  5:36  Marine  
  73  5:37  Marine  
  73  5:40  Terran Infantry Weapons Level 1  
  75  5:43  SCV  
  75  5:44  SCV  
  77  5:50  Supply Depot  
  77  5:52  Supply Depot  
  77  5:54  Marine x2  
  72  5:59  Siege Tank  
  72  6:02  Marine  
  73  6:06  Medivac x2  
  73  6:08  Barracks Reactor, Marine  
  78  6:13  Marine x3  
  81  6:20  Marine  
  82  6:26  Marine  
  82  6:29  Supply Depot  
  82  6:31  Siege Tank, Marine x3  
  82  6:32  Supply Depot  
  89  6:36  Medivac  
  89  6:37  Medivac  
  89  6:38  Marine  
  94  6:43  Marine x2  
  94  6:44  Marine  
  97  6:49  Marine x2  
  97  6:52  Supply Depot, Marine  
  99  6:55  Marine  
  100  7:01  Marine x2  
  100  7:02  Marine  
  100  7:03  Siege Tank  
  100  7:06  Marine  
  100  7:07  Marine  
  108  7:10  Marine  
  108  7:13  Marine  
  107  7:19  Marine x2  
  107  7:20  Marine  
  104  7:24  Marine x2, Medivac x2  
  104  7:28  Marine  
  108  7:34  Marine  
  108  7:35  Siege Tank  
  110  7:37  Command Center  
  110  7:41  Terran Infantry Armor Level 1  
  110  7:42  Marine  
  110  7:43  Supply Depot  
  111  7:48  Marine  
  111  7:49  Marine x3  
  115  7:56  Marine  
  115  7:57  Marine  
  107  8:00  Marine  
  105  8:06  Marine x3  
  105  8:09  Marine  
  105  8:10  Siege Tank  
  105  8:11  Medivac  
  107  8:14  Medivac  
  109  8:23  Marine  
  109  8:26  Marine x2  
  97  8:29  Marine x2  
  97  8:30  Marine  
  97  8:31  Marine  
  101  8:41  Marine  
  97  8:42  Siege Tank  
  97  8:44  Marine x2  
  97  8:47  Marine  
  97  8:48  Marine  
  104  8:52  Marine x2  
  101  8:56  SCV x2  
  101  8:59  Marine  
  101  9:02  Marine x2  
  106  9:05  Marine  
  106  9:06  Marine  
  108  9:10  Marine x2  
  108  9:16  Marine, SCV x2  
  113  9:18  Armory  
  113  9:19  Engineering Bay  
  113  9:24  Orbital Command  
  113  9:28  SCV x2  
  115  9:32  Siege Tank  
  115  9:38  Marine  
  117  9:42  Marine x2  
  120  9:48  Marine  
  116  9:56  SCV x2  
  116  9:59  SCV  
  107  10:04  Siege Tank  
  104  10:08  SCV  
  104  10:12  SCV  
  105  10:21  Terran Infantry Weapons Level 2, Medivac x2  
  105  10:22  Terran Infantry Armor Level 2  
  105  10:24  Terran Vehicle Weapons Level 1  
  105  10:26  Marine  
  105  10:27  SCV x2  
  105  10:28  SCV  
  113  10:29  Marine x6  
  113  10:35  Sensor Tower  
  119  10:37  Siege Tank  
  119  10:38  Factory  
  122  10:44  Marine  
  122  10:46  Marine  
  122  10:47  Marine x3  
  127  10:56  Marine x2  
  114  10:59  SCV  
  114  11:00  SCV  
  114  11:01  Marine  
  109  11:04  Marine x3  
  109  11:09  Siege Tank  
  109  11:10  SCV  
  110  11:12  SCV x2  
  110  11:13  Barracks, Medivac  
  110  11:14  Barracks, Medivac  
  110  11:15  Barracks  
  110  11:17  Marine  
  117  11:18  Marine  
  117  11:25  Factory Reactor, SCV  
  118  11:27  Supply Depot  
  118  11:30  Marine, SCV  
  118  11:31  Marine x2, Refinery  
  122  11:33  Refinery  
  121  11:42  Siege Tank  
  121  11:45  Marine x4  
  122  11:48  Marine x2  
  122  11:49  Marine  
  124  12:03  Marine x4  
  124  12:07  Barracks Tech Lab x3, Command Center  
  128  12:14  Siege Tank, Widow Mine x2  
  128  12:15  Marine  
  136  12:16  Marine  
  136  12:21  Medivac x2  
  141  12:25  Marauder, Marine  
  144  12:31  Marine  
  144  12:32  Marine  
  144  12:34  Marauder x2, Marine  
  144  12:36  Marine  
  130  12:38  Widow Mine x2  
  124  13:01  SCV x2  
  124  13:02  SCV  
  127  13:07  Siege Tank  
  130  13:14  Marauder  
  130  13:15  Marauder x2, Marine x2  
  130  13:16  Factory Tech Lab  
  130  13:17  SCV  
  139  13:33  Command Center  
  141  13:36  Siege Tank  
  142  13:43  Siege Tank  
  143  13:54  SCV, Ghost Academy  
  112  14:11  Factory Tech Lab  
Tags
 
Add a new tag
Caveats
  • Supply blocks, unpowered buildings, or Contaminate may cause inaccurate times.
  • Supply counts are checked every 10 seconds.